 Dungeon Crawl Stone Soup version 0.29-a0-490-g77b3608bb8 (webtiles) character file.

Game seed: 10746067156743906819

100 jlumianski the Chiller (level 4, 0/30 HPs)
             Began as a Demonspawn Ice Elementalist on May 26, 2022.
             Slain by a gnoll
             ... wielding the +3 woodcutter's axe {vorpal}
              (3 damage)
             ... on level 2 of the Dungeon.
             The game lasted 00:14:53 (2636 turns).

jlumianski the Chiller (DsIE)                       Turns: 2636, Time: 00:14:56

Health: 0/30       AC:  4    Str:  9    XL:     4   Next: 46%
Magic:  5/8        EV:  6    Int: 18    God:
Gold:   68         SH:  0    Dex: 13    Spells: 4/8 levels left

rFire   . . .      SeeInvis +   c - +1 dagger (drain)
rCold   . . .      Faith    .   (no shield)
rNeg    . . .      Spirit   .   a - +0 robe
rPois   .          Reflect  .   f - +0 helmet
rElec   .          Harm     .   (no cloak)
rCorr   .          Rampage  .   k - +0 pair of gloves
Will    .....                   (no boots)
Stlth   ++........              (no amulet)
HPRegen 0.10/turn               g - ring of see invisible
MPRegen 0.11/turn               (no ring)

@: freezing walls, held
A: hooves 1, ignite blood 1
a: no special abilities


You were on level 2 of the Dungeon.
You visited 1 branch of the dungeon, and saw 3 of its levels.

You collected 68 gold pieces.

Inventory:

Hand Weapons
 c - a +1 dagger of draining (weapon)
 e - a +0 short sword
 r - a +4 hand axe of venom
Missiles
 d - 137 stones (quivered)
Armour
 a - a +0 robe (worn)
 f - a +0 helmet (worn)
 k - a +0 pair of gloves (worn)
Jewellery
 g - a ring of see invisible (left hand)
 h - an amulet of faith
Scrolls
 i - a scroll of amnesia
 j - a scroll of poison {unknown}
 l - 2 scrolls of blinking
 o - a scroll of magic mapping {unknown}
 p - a scroll of identify
 q - 2 scrolls of teleportation {unknown}
Potions
 b - a potion of magic
 m - a potion of curing
 n - 2 potions of flight


   Skills:
 + Level 0.7 Short Blades
 + Level 1.9 Dodging
 + Level 2.3 Stealth
 + Level 2.8 Spellcasting
 + Level 4.5 Ice Magic


You had 4 spell levels left.
You knew the following spells:

 Your Spells              Type           Power      Damage    Failure   Level
a - Freeze                Ice            76%        1d9       2%          1
b - Frozen Ramparts       Ice            38%        1d5       8%          3

Your spell library contained the following spells:

 Spells                   Type           Power      Damage    Failure   Level
 Ozocubu's Armour         Ice            19%        N/A       8%          3
 Ensorcelled Hibernation  Hex/Ice        20%        N/A       10%         2
 Sandblast                Erth           4%         2d4       17%         1
 Passwall                 Tmut/Erth      1%         N/A       26%         2
 Spider Form              Tmut/Pois      2%         N/A       45%         3
 Stone Arrow              Conj/Erth      4%         3d7       45%         3
 Hailstorm                Conj/Ice       10%        3d5       54%         4
 Anguish                  Hex/Necr       1%         N/A       86%         4


Dungeon Overview and Level Annotations

Branches:
Dungeon (3/15)

Altars:
Ru


Innate Abilities, Weirdness & Mutations

You have large cloven feet.
Your demonic aura sometimes causes spilled blood to erupt in flames.


Message History

Press: ? - help, Dir - look around, f - activate The walls around you are covered in ice.
The wall freezes the adder.
You hit the adder. You drain the adder.
The adder is heavily wounded.
The wall freezes the adder.
The adder barely misses you.
You hit the adder but do no damage. You drain the adder.
You kill the adder!
The frozen ramparts melt away as you move.
Found 7 gold pieces.
A giant cockroach comes into view.
You see here 7 gold pieces.
You hit the giant cockroach. You drain the giant cockroach.
You kill the giant cockroach!
You see here a giant cockroach corpse.
You now have 56 gold pieces (gained 7).
You see here a giant cockroach corpse.
Found 12 gold pieces.
You now have 68 gold pieces (gained 12).
A gnoll is nearby!
You barely miss the gnoll.
The gnoll hits you with the +3 woodcutter's axe {vorpal}!
The gnoll throws a throwing net.
The throwing net hits you.
You become entangled in the net!
You see here a throwing net.
You struggle against the net.
You struggle against the net.
You struggle against the net.
The gnoll hits you with the +3 woodcutter's axe {vorpal}.
Casting: Frozen Ramparts (quite dangerous; 8% risk of failure)
Confirm with . or Enter, or press ? or * to list all spells.
The spell is quite dangerous to miscast (8% risk of failure)!
Continue anyway?
Casting: Frozen Ramparts (quite dangerous; 8% risk of failure)
Press: ? - help, Dir - look around, f - activate
There is a cloud of flame here.
The walls around you are covered in ice.
The wall freezes the gnoll.
The gnoll hits you with the +3 woodcutter's axe {vorpal}!
* * * LOW HITPOINT WARNING * * *
You die...

########.#.# #..........# ..#
##.#.# #..........#
..#####..#.# #..........#
..##....##.# #..........#
..##.#####>## ###..........#
.....# #..#####...........##
..#########.#...).≈≈≈.......##
.####.........###..⌠...>.....#
.....>#####.###.@g≈≈.........#
####### #.##..#............#
#.#..###...........# ##...##
##..........#
###.....#####........##
########...###.#...##......##
.........#####.#...#########
#############......# ##
##....#....#


You could see a gnoll.

Vanquished Creatures
  4 gnolls (D:2)
  An adder (D:2)
  3 bats
  5 endoplasms
  3 giant cockroaches
  7 hobgoblins
  2 jackals (D:1)
  2 quokkas (D:1)
  3 ball pythons
  3 frilled lizards (D:2)
  6 goblins
  5 kobolds
  6 rats
50 creatures vanquished.

Notes
Turn   | Place    | Note
-------+----------+-------------------------------------------
     0 | D:1      | jlumianski the Demonspawn Ice Elementalist began the quest
                  | for the Orb.
     0 | D:1      | Reached XP level 1. HP: 13/13 MP: 3/3
   378 | D:1      | Discovered your monstrous ancestry.
   378 | D:1      | Gained mutation: You have large cloven feet. [demonic
                  | ancestry]
   378 | D:1      | Reached XP level 2. HP: 1/19 MP: 3/5
   810 | D:1      | Reached skill level 4 in Ice Magic
  1737 | D:2      | Gained mutation: Your demonic aura sometimes causes spilled
                  | blood to erupt in flames. [demonic ancestry]
  1737 | D:2      | Reached XP level 3. HP: 24/24 MP: 6/6
  1744 | D:1      | Learned a level 3 spell: Frozen Ramparts
  1778 | D:2      | Found a sacrificial altar of Ru.
  1854 | D:3      | Found a faded altar of an unknown god.
  1979 | D:2      | Reached XP level 4. HP: 27/30 MP: 4/8
  2092 | D:2      | Noticed a gnoll sergeant
  2636 | D:2      | Slain by a gnoll

Illustrated notes

Levels and vault maps discovered:
D:1:      dpeg_arrival_chambers_temple_mockup, layout_rooms, minmay_door_square
D:2:      layout_rooms, basic_altar, corexii_leaking_fountain,
          kennysheep_pointless_box, hex_medium, grunt_ministairs_2,
          pf_guarded_unrand_woodcutter
D:3:      layout_basic, nicolae_ecumenical_pavilion

Skill      XL: |  1  2 |
---------------+-------+-----
Ice Magic      | 4 |  4.5
Stealth        | 2 |  2.3
Short Blades   | |  0.7
Dodging        | |  1.9
Spellcasting   | |  2.8

Action                   |  1- 3 |  4- 6 || total
-------------------------+-------+-------++-------
Melee: Short sword       |    49 |       ||    49
       Kick              |     7 |     4 ||    11
       Dagger            |     8 |    24 ||    32
Throw: Stone             |    18 |       ||    18
 Cast: Freeze            |    15 |       ||    15
       Frozen Ramparts   |     5 |     3 ||     8
  Use: Scroll            |     3 |       ||     3
       Potion            |     1 |       ||     1
 Stab: Sleeping          |     5 |     1 ||     6
Armor: Robe              |    10 |     4 ||    14
Dodge: Dodged            |    43 |    14 ||    57

Table legend: (Time is in decaauts)
 A = Elapsed time spent in this place.
 B = Non-inter-level travel time spent in this place.
 C = Inter-level travel time spent in this place.
 D = Time resting spent in this place.
 E = Time spent auto-exploring this place.
 F = Levels seen in this place.
 G = Mean time per level.
                   A        B        C        D        E       F      G
               +--------+--------+--------+--------+--------+-----+--------+
         Total |   2644 |   2644 |      0 |    976 |    499 |   3 |  881.3 |
       Dungeon |   2644 |   2644 |      0 |    976 |    499 |   3 |  881.3 |
               +--------+--------+--------+--------+--------+-----+--------+

Top non-repeatable levels by time:
     D:1: 1745 daAuts
     D:2: 883 daAuts
     D:3: 15 daAuts
